 Dungeon Crawl Stone Soup version 0.20-a0-1016-g241539b (webtiles) character file.

34 Griselidis the Insei (level 3, -4/26 HPs)
             Began as a Gnoll Transmuter on Apr 15, 2017.
             Slain by a gnoll
             ... wielding a +0 spear
              (7 damage)
             ... on level 2 of the Dungeon.
             The game lasted 00:01:18 (1087 turns).

Griselidis the Insei (Gnoll Transmuter)             Turns: 1087, Time: 00:01:19

Health: -4/26      AC:  2    Str:  9    XL:     3   Next: 31%
Magic:  7/8        EV: 13    Int: 14    God:
Gold:   48         SH:  0    Dex: 14    Spells: 8/9 levels left

rFire    . . .     SeeInvis .     - Unarmed
rCold    . . .     Gourm    .   (no shield)
rNeg     . . .     Faith    .   b - +0 robe
rPois    .         Spirit   .   (no helmet)
rElec    .         Reflect  .   (no cloak)
rCorr    .         Harm     .   (no gloves)
MR       .....                  (no boots)
Stlth    +.........             (no amulet)
Regen    0.1/turn               (no ring)
MPRegen  0.2/turn               (no ring)

@: appendage (expiring)
A: short attention span, fangs 1, horns 2, strong nose
a: End Transformation


You were on level 2 of the Dungeon.
You were hungry.
You had grown temporary horns.
You visited 1 branch of the dungeon, and saw 2 of its levels.

You collected 48 gold pieces.

Inventory:

Missiles
 a - 12 arrows
 h - a stone (quivered)
Armour
 b - a +0 robe (worn)
Scrolls
 g - a scroll of remove curse {unknown}
Potions
 e - 2 potions of curing {unknown}
 f - a potion of haste {unknown}
 i - 2 potions of brilliance {unknown}
Books
 c - a book of Changes

   Spells                             Type                      Level
   a - Beastly Appendage              Transmutation                1
   b - Sticks to Snakes               Transmutation                2
   c - Spider Form                    Transmutation/Poison         3
   d - Ice Form                       Ice/Transmutation            4
   e - Blade Hands                    Transmutation                5
Comestibles
 d - a bread ration
 j - a chunk of flesh


   Skills:
 + Level 1.5 Fighting
 + Level 3.3 Dodging
 + Level 5.5 Unarmed Combat
 + Level 3.9 Spellcasting
 + Level 3.2 Transmutations


You had 8 spell levels left.
You knew the following spells:

 Your Spells              Type           Power        Failure   Level  Hunger
r - Beastly Appendage     Tmut           ##....       6%          1    None


Dungeon Overview and Level Annotations

Branches:
Dungeon (2/15)

Altars:


Innate Abilities, Weirdness & Mutations

You have a short attention span.
You have very sharp teeth.
Your uncanny sense of smell can sniff out nearby items.
You have a pair of horns on your head.


Message History

You kill the gnoll!
You closely miss the gnoll. The gnoll barely misses you.
You hit the gnoll.
The gnoll is moderately wounded.
The gnoll hits you from afar with a spear.
You closely miss the gnoll. Your headbutt misses the gnoll.
Your bite misses the gnoll.
The gnoll is moderately wounded.
The gnoll closely misses you. The gnoll barely misses you.
You punch the gnoll!
The gnoll is almost dead.
Your transformation is almost over.
The gnoll barely misses you.
The gnoll hits you from afar with a spear!
* * * LOW HITPOINT WARNING * * *
You closely miss the gnoll.
The gnoll is almost dead.
The gnoll closely misses you.
The gnoll hits you from afar with a spear!
You die...

#.# # #.#....
##.####.##.####
##.#....
..)..g†........
....... #.#
#.#.... #.#
#######.#..## #.#
.........<... #g#
######.#..## #g#
#.#...# #@#
#.#...# #.#
#.#...# #.####
###.#.###
#....#####.#.#..
#............#+#
#..........##....#
#..........# .....
#####......# ....#
#......# #####


You could see 2 gnolls.

Vanquished Creatures
  A gnoll (D:2)
  A dart slug (D:1)
  A ball python (D:1)
  A giant cockroach (D:1)
  3 goblins (D:1)
  3 hobgoblins
  A quokka (D:2)
  3 bats
  2 frilled lizards (D:1)
  5 kobolds (D:1)
  A rat (D:1)
22 creatures vanquished.

Notes
Turn   | Place    | Note
-------+----------+-------------------------------------------
     0 | D:1      | Griselidis the Gnoll Transmuter began the quest for the Orb.
     0 | D:1      | Reached XP level 1. HP: 15/15 MP: 4/4
   418 | D:1      | Reached XP level 2. HP: 21/21 MP: 6/6
   553 | D:1      | Reached skill level 5 in Unarmed Combat
  1066 | D:2      | Reached XP level 3. HP: 26/26 MP: 6/8
  1087 | D:2      | Slain by a gnoll

Vault maps used:
D:1:      lemuel_arrival_rhombus
D:2:      uniq_terence

Skill      XL: |  1  2 |
---------------+-------+-----
Unarmed Combat | 5 |  5.5
Fighting       | |  1.5
Dodging        | |  3.3
Spellcasting   | |  3.9
Transmutations | |  3.2

Action                   || total
-------------------------++-------
Melee: Unarmed           ||    56
       Bite              ||     5
       Kick              ||     5
       Headbutt          ||     3
       Punch             ||     1
 Cast: Beastly Appendage ||    13
 Stab: Sleeping          ||     1
Armor: Robe              ||    10
Dodge: Dodged            ||    37
